 Dungeon Crawl Stone Soup version bcrawl-1.37.1 (webtiles) character file.

Game seed: 1162335536877827767

146542 Hadkhar the Sneak (level 5, -7/50 HPs)
             Began as a Naga Monk on Oct 11, 2022.
             Mangled by an ogre
             ... wielding a +0 giant club
              (9 damage)
             ... on level 3 of the Dungeon.
             The game lasted 00:19:32 (2480 turns).

Hadkhar the Sneak (Naga Monk)                       Turns: 2480, Time: 00:19:33

Health: -7/50      AC: 11    Str: 15    XL:     5   Next: 42%
Magic:  0/6        EV:  3    Int: 10    God:
Gold:   241        SH:  0    Dex: 13    Spells: 4/4 levels left

rFire    . . .     GDR:     27% r - +1 hand axe (freeze)
rCold    . . .     SeeInvis +   (no shield)
rNeg     . . .     Gourm    .   n - +0 chain mail
rPois    +         Faith    .   o - +0 helmet
rElec    .         Spirit   +   (no cloak)
rCorr    .         Reflect  .   (no gloves)
MR       .....                  i - +0 barding
Stlth    ..........             d - amulet of guardian spirit
HPRegen  0.18/turn              (no ring)
MPRegen  0.10/turn              (no ring)

@: very slow
A: large, tail, swims, see invisible, deformed body, poison resistance, slowness
2, slow metabolism 1, spit poison 1, AC +1
a: Spit Poison


You were on level 3 of the Dungeon.
You were not hungry.

You visited 1 branch of the dungeon, and saw 3 of its levels.

You collected 241 gold pieces.

Inventory:

Hand Weapons
 r - a +1 hand axe of freezing (weapon)
Missiles
 g - 132 exploding tomahawks
 j - 46 poisoned tomahawks (quivered)
 k - 196 arrows
Armour
 i - a +0 barding (worn)
 n - a +0 chain mail (worn)
 o - a +0 helmet (worn)
 p - a +0 animal skin
Jewellery
 d - an amulet of guardian spirit (around neck)
Scrolls
 f - 3 scrolls of remove curse
 h - a scroll of enchant weapon {unknown}
 s - a scroll of immolation {unknown}
Potions
 b - a potion of curing
 c - a potion of haste {unknown}
 l - a potion of cancellation {unknown}
 m - a potion of flight {unknown}
 q - a potion of degeneration {unknown}
 t - a potion of lignification {unknown}
Comestibles
 a - 3 chunks of flesh
 e - 4 rations {!d}


   Skills:
 + Level 3.9 Fighting
 + Level 4.1 Axes
 + Level 0.1 Throwing
 * Level 2.0 Armour
 - Level 2.4 Dodging
 + Level 4.1 Stealth
   Level 2.1 Invocations


You had 4 spell levels left.
You didn't know any spells.
Your spell library was empty.

Dungeon Overview and Level Annotations

Branches:
Dungeon (3/12)

Altars:


Innate Abilities, Weirdness & Mutations

You cannot wear boots.
You can swim through water.
Your serpentine skin is tough. (AC +1)
You have supernaturally acute eyesight. (SInv)
Armour fits poorly on your strangely shaped body.
Your system is resistant to poisons. (rPois)
You cover ground very slowly.
You have a slow metabolism.
You can spit poison.


Message History

You kill the dart slug!
The ogre hits you with a +0 giant club.
A kobold comes into view.
The kobold shouts!
The kobold throws a stone.
The stone hits you but does no damage.
A goblin comes into view. It is wielding a +0 club.
Things that are here:
a +0 club; a dart slug corpse; an adder corpse The ogre barely misses you.
The kobold throws a stone.
The stone hits you but does no damage.
The kobold throws a stone.
The stone hits you but does no damage. The ogre barely misses you.
The kobold throws a stone.
The stone hits you but does no damage.
The ogre hits you with a +0 giant club!!
* * * LOW HITPOINT WARNING * * *
The kobold throws a stone.
The stone hits you but does no damage.
The kobold throws a stone.
The stone hits you but does no damage.
The kobold throws a stone.
The stone hits you but does no damage. The ogre hits you with a +0 giant club!
You die...

#.......# #.[[....##
#.)<)....## ########..#
########.# # ##......#÷#
..#.......
##.........###.#.. ......
#....[.....#..... ......
#.........@#.##.###P#..#
#.........O..#....P.#.#
#...÷..(.....#P.....P.#
#............'...(P.#.#
##........#..'......#.# .
#..........#.#P...P...#
..
#..........#K#......#.#.#
#.....÷....#g.#P##.##...#
#..........#...........#.
.


You could see an ogre, a goblin and a kobold.

Vanquished Creatures
  A hound skeleton (D:2)
  Robin (D:2)
  A howler monkey skeleton (D:2)
  4 adders (D:3)
  3 worms
  A dart slug (D:3)
  3 leopard geckos
  10 orcs
  2 ball pythons (D:1)
  A giant cockroach (D:1)
  10 hobgoblins
  3 jackals (D:2)
  2 kobolds (D:2)
  3 quokkas
  7 bats
  2 frilled lizards
  9 goblins
  4 rats (D:1)
67 creatures vanquished.

Notes
Turn   | Place    | Note
-------+----------+-------------------------------------------
     0 | D:1      | Hadkhar the Naga Monk began the quest for the Orb.
     0 | D:1      | Reached XP level 1. HP: 21/21 MP: 2/2
   158 | D:1      | Reached XP level 2. HP: 14/28 MP: 1/3
   476 | D:1      | Reached XP level 3. HP: 4/34 MP: 0/4
  1068 | D:2      | Reached skill level 1 in Armour
  1092 | D:2      | Noticed Robin
  1105 | D:2      | Killed Robin
  1106 | D:2      | Reached XP level 4. HP: 9/42 MP: 0/5
  2216 | D:3      | Reached XP level 5. HP: 19/50 MP: 4/6
  2457 | D:3      | Noticed an ogre
  2477 | D:3      | HP: 1/50 [ogre/+0 giant club (24)]
  2480 | D:3      | Mangled by an ogre

Skill      XL: |  1  2  3  4  5 |
---------------+----------------+-----
Armour         | 1 2 |  2.0
Stealth        | 4 |  4.1
Axes           | 4 |  4.1
Fighting       | |  3.9
Throwing       | |  0.1
Dodging        | |  2.4
Invocations    | |  2.1

Action                   |  1- 3 |  4- 6 || total
-------------------------+-------+-------++-------
Melee: Hand axe          |    96 |   122 ||   218
Throw: Tomahawk          |     1 |     5 ||     6
  Use: Scroll            |       |     2 ||     2
 Stab: Sleeping          |     5 |     3 ||     8
       Distracted        |       |     1 ||     1
  Eat: Chunk             |     2 |     5 ||     7
       Ration            |       |     1 ||     1
Armor: Robe              |    10 |       ||    10
       Chain mail        |       |    34 ||    34
       Animal skin       |       |    15 ||    15
Dodge: Dodged            |    51 |    56 ||   107
